3AAA
SANTA BARBARA GOLDEN CRANES @ AUSTIN BLACK MAMBAS
08/18/2042
 
TOP OF THE 1ST
Santa Barbara Golden Cranes batting - Pitching for Austin Black Mambas : RHP Mario Gonzáles
Pitching: RHP Mario Gonzáles
Batting: RHB Jody Clark 0-0: Bunt for hit to 2R - play at first, batter OUT! 2-3
Batting: RHB José Avilés 0-0: Called Strike
0-1: Foul Ball, location: 2F
0-2: Fly out, F8 (Flyball, 8RXD, EV 98.1 MPH)
Batting: LHB Jamie Starr 0-0: Foul Ball, location: 2F
0-1: Ball
1-1: Called Strike
1-2: Ball
2-2: Foul Ball, location: 2F
2-2: Foul Ball, location: 2F
2-2: Fly out, F9 (Flyball, 89S, EV 75.0 MPH)
Top of the 1st over - 0 runs, 0 hits, 0 errors, 0 left on base; Santa Barbara 0 - Austin 0
BOTTOM OF THE 1ST
Austin Black Mambas batting - Pitching for Santa Barbara Golden Cranes : RHP Harry Stuterberg
Pitching: RHP Harry Stuterberg
Batting: LHB Armando Viña 0-0: Foul Ball, location: 2F
0-1: Foul Ball, location: 2F
0-2: Foul Ball, location: 2F
0-2: Strikes out looking
Batting: LHB Jon Kelly 0-0: Called Strike
0-1: Swinging Strike
0-2: Foul Ball, location: 2F
0-2: Fly out, F7 (Flyball, 7S, EV 82.5 MPH)
Batting: RHB Jason Portillo 0-0: Swinging Strike
0-1: Ball
1-1: Foul Ball, location: 2F
1-2: Ball
2-2: Fly out, F9 (Line Drive, 9, EV 92.5 MPH)
Bottom of the 1st over - 0 runs, 0 hits, 0 errors, 0 left on base; Santa Barbara 0 - Austin 0
TOP OF THE 2ND
Santa Barbara Golden Cranes batting - Pitching for Austin Black Mambas : RHP Mario Gonzáles
Batting: LHB Steve Murdock 0-0: Called Strike
0-1: Foul Ball, location: 2F
0-2: Strikes out swinging, 2-3 out at first.
Batting: RHB John Ricks 0-0: Ball
1-0: Ball
2-0: Called Strike
2-1: SINGLE (Groundball, 3D, EV 104.4 MPH)
Batting: LHB Kyle Mullens 0-0: Ball
1-0: Ball
2-0: Fly out, F9 (Line Drive, 9D, EV 85.6 MPH)
Batting: RHB António Amaya 0-0: Ball
1-0: Foul Ball, location: 2F
1-1: Fly out, F8 (Line Drive, 8RM, EV 91.9 MPH)
Top of the 2nd over - 0 runs, 1 hit, 0 errors, 1 left on base; Santa Barbara 0 - Austin 0
BOTTOM OF THE 2ND
Austin Black Mambas batting - Pitching for Santa Barbara Golden Cranes : RHP Harry Stuterberg
Batting: LHB Man-su Sin 0-0: Foul Ball, location: 2F
0-1: Foul Ball, location: 2F
0-2: Foul Ball, location: 2F
0-2: Foul Ball, location: 2F
0-2: Ball
1-2: Ball
2-2: DOUBLE (Line Drive, 3D, EV 103.1 MPH)
Batting: RHB Doug Day 0-0: Foul Ball, location: 2F
0-1: Ball
1-1: Swinging Strike
1-2: Strikes out looking
Batting: RHB Bailey Gribbins 0-0: Ball
1-0: Called Strike
1-1: Ball
2-1: Ball
3-1: DOUBLE (Line Drive, 89XD, EV 112.5 MPH)
Man-su Sin scores
Batting: RHB Doug Page 0-0: Fly out, F3 (Popup, 3F, EV 71.9 MPH)
Batting: RHB Ned Lyons 0-0: Called Strike
0-1: SINGLE (Line Drive, 6M, EV 103.8 MPH)
Bailey Gribbins to third
Runner from 3rd tries for Home, throw by CF and OUT! 8-2
Bottom of the 2nd over - 1 run, 3 hits, 0 errors, 1 left on base; Santa Barbara 0 - Austin 1
TOP OF THE 3RD
Santa Barbara Golden Cranes batting - Pitching for Austin Black Mambas : RHP Mario Gonzáles
Batting: RHB Pat Lloyd 0-0: Ball
1-0: Ball
2-0: SINGLE (Groundball, 6D, EV 98.8 MPH)
Batting: LHB Tso-lin Shuo 0-0: Called Strike
0-1: Ball
1-1: Swinging Strike
1-2: DOUBLE (Groundball, 3L, EV 98.1 MPH)
Pat Lloyd to third
Batting: RHB Jody Clark 0-0: Called Strike
0-1: SINGLE (Groundball, 34S, EV 70.6 MPH) (infield hit)
Batting: RHB José Avilés 0-0: Called Strike
0-1: Ball
1-1: Foul Ball, location: 2F
1-2: Foul Ball, location: 2F
1-2: Ball
2-2: Fly out, F3 (Popup, 3F, EV 75.0 MPH)
Batting: LHB Jamie Starr 0-0: Ball
1-0: DOUBLE (Groundball, 5L, EV 108.1 MPH)
Pat Lloyd scores
Tso-lin Shuo scores
Jody Clark to third
Batting: LHB Steve Murdock 0-0: Called Strike
0-1: Ball
1-1: Swinging Strike
1-2: Ball
2-2: 3-RUN HOME RUN (Flyball, 78XD, EV 107.5 MPH), Distance : 447 ft
Batting: RHB John Ricks 0-0: Called Strike
0-1: Called Strike
0-2: Ball
1-2: Strikes out swinging
Batting: LHB Kyle Mullens 0-0: Ball
1-0: Fly out, F7 (Flyball, 7S, EV 80.6 MPH)
Top of the 3rd over - 5 runs, 5 hits, 0 errors, 0 left on base; Santa Barbara 5 - Austin 1
BOTTOM OF THE 3RD
Austin Black Mambas batting - Pitching for Santa Barbara Golden Cranes : RHP Harry Stuterberg
Batting: RHB Francisco Ortíz 0-0: Ball
1-0: Ball
2-0: Called Strike
2-1: Ball
3-1: Base on Balls
Batting: LHB Armando Viña 0-0: Ball
1-0: Foul Ball, location: 2F
1-1: Called Strike
1-2: Foul Ball, location: 2F
1-2: Fielders Choice at 2nd, 6-4 (Groundball, 6M, EV 98.8 MPH)
Batting: LHB Jon Kelly 0-0: Called Strike
0-1: 2-RUN HOME RUN (Flyball, 9D, EV 100.0 MPH), Distance : 380 ft
Batting: RHB Jason Portillo 0-0: Ball
1-0: Called Strike
1-1: Fly out, F7 (Flyball, 7LS, EV 84.4 MPH)
Batting: LHB Man-su Sin 0-0: Called Strike
0-1: Foul Ball, location: 2F
0-2: Ball
1-2: Ball
2-2: Ball
3-2: Ground out 3-1 (Groundball, 34, EV 87.5 MPH)
Bottom of the 3rd over - 2 runs, 1 hit, 0 errors, 0 left on base; Santa Barbara 5 - Austin 3
TOP OF THE 4TH
Santa Barbara Golden Cranes batting - Pitching for Austin Black Mambas : RHP Mario Gonzáles
Batting: RHB António Amaya 0-0: Called Strike
0-1: Foul Ball, location: 2F
0-2: Fly out, F9 (Line Drive, 9, EV 102.5 MPH)
Batting: RHB Pat Lloyd 0-0: Ball
1-0: SINGLE (Groundball, 56D, EV 100.0 MPH)
Pitching: RHP Jackson Williams
Batting: LHB Tso-lin Shuo 0-0: SINGLE (Groundball, 34D, EV 102.5 MPH)
Pat Lloyd to second
Runner from 2nd tries for 3rd, SAFE, throw by RF made to third
Batting: RHB Jody Clark 0-0: Called Strike
0-1: Ball
1-1: Swinging Strike
1-2: Fly out, F7 (Flyball, 7S, EV 83.1 MPH)
Batting: RHB José Avilés 0-0: Called Strike
0-1: Ball
1-1: Ball
2-1: Called Strike
2-2: Ball
3-2: Base on Balls
Tso-lin Shuo to second
Batting: LHB Jamie Starr 0-0: Ball
1-0: Ground out 4-3 (Groundball, 4, EV 99.4 MPH)
Top of the 4th over - 0 runs, 2 hits, 0 errors, 3 left on base; Santa Barbara 5 - Austin 3
BOTTOM OF THE 4TH
Austin Black Mambas batting - Pitching for Santa Barbara Golden Cranes : RHP Harry Stuterberg
Batting: RHB Doug Day 0-0: Ball
1-0: Called Strike
1-1: Ground out 5-3 (Groundball, 56, EV 97.5 MPH)
Batting: RHB Bailey Gribbins 0-0: Ground out 6-3 (Groundball, 6, EV 105.0 MPH)
Batting: RHB Doug Page 0-0: Foul Ball, location: 2F
0-1: SINGLE (Groundball, 4MD, EV 107.5 MPH)
Batting: RHB Ned Lyons 0-0: Called Strike
0-1: SINGLE (Groundball, 6MD, EV 109.4 MPH)
Doug Page to second
Batting: RHB Francisco Ortíz 0-0: Called Strike
0-1: Fly out, F7 (Line Drive, 7D, EV 93.8 MPH)
Bottom of the 4th over - 0 runs, 2 hits, 0 errors, 2 left on base; Santa Barbara 5 - Austin 3
TOP OF THE 5TH
Santa Barbara Golden Cranes batting - Pitching for Austin Black Mambas : RHP Jackson Williams
Batting: LHB Steve Murdock 0-0: Ball
1-0: Foul Ball, location: 2F
1-1: Fly out, F7 (Flyball, 78S, EV 89.4 MPH)
Batting: RHB John Ricks 0-0: Ball
1-0: Called Strike
1-1: Ground out U3 (Groundball, 3, EV 82.5 MPH)
Batting: LHB Kyle Mullens 0-0: Ball
1-0: Foul Ball, location: 2F
1-1: Ball
2-1: Ball
3-1: Ground out 1-3 (Groundball, 34S, EV 84.4 MPH)
Top of the 5th over - 0 runs, 0 hits, 0 errors, 0 left on base; Santa Barbara 5 - Austin 3
BOTTOM OF THE 5TH
Austin Black Mambas batting - Pitching for Santa Barbara Golden Cranes : RHP Harry Stuterberg
Batting: LHB Armando Viña 0-0: Foul Ball, location: 2F
0-1: Ball
1-1: Foul Ball, location: 2F
1-2: DOUBLE (Line Drive, 7LM, EV 98.1 MPH)
Batting: LHB Jon Kelly 0-0: Ball
1-0: Called Strike
1-1: Foul Ball, location: 2F
1-2: Ball
2-2: Foul Ball, location: 2F
2-2: SINGLE (Groundball, 23, EV 70.6 MPH) (infield hit)
Armando Viña to third
Batting: RHB Jason Portillo 0-0: Ball
1-0: Fly out, F9 (Flyball, 9S, EV 88.1 MPH)
Runner from 3rd tags up, SCORES, throw by RF
Batting: LHB Man-su Sin 0-0: Ball
1-0: Swinging Strike
1-1: Grounds into double play, 4-6-3 (Groundball, 34, EV 82.5 MPH)
Bottom of the 5th over - 1 run, 2 hits, 0 errors, 0 left on base; Santa Barbara 5 - Austin 4
TOP OF THE 6TH
Santa Barbara Golden Cranes batting - Pitching for Austin Black Mambas : RHP Jackson Williams
Batting: RHB António Amaya 0-0: Called Strike
0-1: Foul Ball, location: 2F
0-2: Foul Ball, location: 2F
0-2: Strikes out swinging
Batting: RHB Pat Lloyd 0-0: Foul Ball, location: 2F
0-1: Foul Ball, location: 2F
0-2: Ball
1-2: Ball
2-2: SINGLE (Groundball, 5D, EV 96.9 MPH)
Batting: LHB Tso-lin Shuo 0-0: Foul Ball, location: 2F
0-1: Ball
1-1: Fielders Choice at 2nd, 4-6 (Groundball, 34, EV 98.8 MPH)
Batting: RHB Jody Clark 0-0: Called Strike
0-1: Ball
1-1: Fly out, F9 (Line Drive, 9, EV 93.8 MPH)
Top of the 6th over - 0 runs, 1 hit, 0 errors, 1 left on base; Santa Barbara 5 - Austin 4
BOTTOM OF THE 6TH
Austin Black Mambas batting - Pitching for Santa Barbara Golden Cranes : RHP Harry Stuterberg
Batting: RHB Doug Day 0-0: Ball
1-0: Foul Ball, location: 2F
1-1: Called Strike
1-2: Ball
2-2: Fly out, F7 (Flyball, 7S, EV 83.8 MPH)
Batting: RHB Bailey Gribbins 0-0: Ball
1-0: Swinging Strike
1-1: Ball
2-1: Foul Ball, location: 2F
2-2: Ball
3-2: Foul Ball, location: 2F
3-2: Foul Ball, location: 2F
3-2: Fly out, F9 (Flyball, 89S, EV 91.9 MPH)
Batting: RHB Doug Page 0-0: Called Strike
0-1: Ball
1-1: Called Strike
1-2: Strikes out looking
Bottom of the 6th over - 0 runs, 0 hits, 0 errors, 0 left on base; Santa Barbara 5 - Austin 4
TOP OF THE 7TH
Santa Barbara Golden Cranes batting - Pitching for Austin Black Mambas : RHP Jackson Williams
Batting: RHB José Avilés 0-0: Swinging Strike
0-1: Fly out, F1 (Popup, 15, EV 86.9 MPH)
Batting: LHB Jamie Starr 0-0: DOUBLE (Line Drive, 9LD, EV 101.2 MPH)
Batting: LHB Steve Murdock 0-0: Intentional Walk
Batting: RHB John Ricks 0-0: Fly out, F8 (Flyball, 78S, EV 78.8 MPH)
Batting: LHB Kyle Mullens 0-0: Ground out U3 (Groundball, 34S, EV 72.5 MPH)
Top of the 7th over - 0 runs, 1 hit, 0 errors, 2 left on base; Santa Barbara 5 - Austin 4
BOTTOM OF THE 7TH
Austin Black Mambas batting - Pitching for Santa Barbara Golden Cranes : RHP Harry Stuterberg
Batting: RHB Ned Lyons 0-0: SINGLE (Line Drive, 78S, EV 95.6 MPH)
Pinch Hitting: LHB José Vera 0-0: Reached on error, E5 (Groundball, 5S, EV 43.8 MPH)
Ned Lyons to second
Pitching: RHP Chris Berry
Batting: LHB Armando Viña 0-0: Sac Bunt to 15 - play at first, batter OUT! 1-3
Ned Lyons to third
José Vera to second
Batting: LHB Jon Kelly 0-0: Ball
1-0: Ball
2-0: Foul Ball, location: 2F
2-1: Foul Ball, location: 2F
2-2: Ball
3-2: Foul Ball, location: 2F
3-2: Foul Ball, location: 2F
3-2: Foul Ball, location: 2F
3-2: DOUBLE (Flyball, 89XD, EV 108.1 MPH)
Ned Lyons scores
José Vera scores
Batting: RHB Jason Portillo 0-0: Intentional Walk
Batting: LHB Man-su Sin 0-0: Called Strike
Jon Kelly is caught stealing 3rd base 2-5
0-1: Ball
1-1: Ball
2-1: SINGLE (Groundball, 3D, EV 97.5 MPH)
Jason Portillo to second
Runner from 2nd tries for 3rd, SAFE, no throw by RF
Batting: RHB Doug Day 0-0: Swinging Strike
0-1: Foul Ball, location: 2F
0-2: Ball
1-2: Fly out, F5 (Popup, 5, EV 57.5 MPH)
Bottom of the 7th over - 2 runs, 3 hits, 1 error, 2 left on base; Santa Barbara 5 - Austin 6
TOP OF THE 8TH
Santa Barbara Golden Cranes batting - Pitching for Austin Black Mambas : RHP Jackson Williams
Now at 2B: Parker Truesdale
Now in LF: Kamakakoa Kaponianani
Batting: RHB António Amaya 0-0: Swinging Strike
0-1: Ball
1-1: Ground out 4-3 (Groundball, 34, EV 75.6 MPH)
Batting: RHB Pat Lloyd 0-0: Foul Ball, location: 2F
0-1: Called Strike
0-2: Ball
1-2: Foul Ball, location: 2F
1-2: Ball
2-2: Foul Ball, location: 2F
2-2: Ball
3-2: Foul Ball, location: 2F
3-2: Base on Balls
Pitching: LHP Abdul-Nasir Rabah
Batting: LHB Tso-lin Shuo 0-0: Called Strike
0-1: Foul Ball, location: 2F
0-2: Ball
1-2: Ball
2-2: Strikes out swinging
Batting: RHB Jody Clark 0-0: Called Strike
0-1: Called Strike
0-2: Ball
1-2: Strikes out swinging
Top of the 8th over - 0 runs, 0 hits, 0 errors, 1 left on base; Santa Barbara 5 - Austin 6
BOTTOM OF THE 8TH
Austin Black Mambas batting - Pitching for Santa Barbara Golden Cranes : RHP Chris Berry
Batting: RHB Bailey Gribbins 0-0: Ball
1-0: SINGLE (Groundball, 4MD, EV 103.1 MPH)
Batting: RHB Doug Page 0-0: Sac Bunt to 13 - play at first, batter OUT! 1-4
Bailey Gribbins to second
Batting: RHB Ned Lyons 0-0: Swinging Strike
0-1: Fly out, F9 (Flyball, 9, EV 91.2 MPH)
Batting: RHB Parker Truesdale 0-0: SINGLE (Line Drive, 4M, EV 103.8 MPH)
Bailey Gribbins to third
Batting: LHB Armando Viña 0-0: Ball
1-0: Ball
2-0: Called Strike
2-1: Fly out, F9 (Flyball, 9S, EV 82.5 MPH)
Bottom of the 8th over - 0 runs, 2 hits, 0 errors, 2 left on base; Santa Barbara 5 - Austin 6
TOP OF THE 9TH
Santa Barbara Golden Cranes batting - Pitching for Austin Black Mambas : LHP Abdul-Nasir Rabah
Pitching: RHP Walton Gibbs
Batting: RHB José Avilés 0-0: Ball
1-0: Foul Ball, location: 2F
1-1: Ball
2-1: SINGLE (Groundball, 6MD, EV 97.5 MPH)
Batting: LHB Jamie Starr 0-0: Fielders Choice at 2nd, 4-6 (Groundball, 4, EV 87.5 MPH)
Batting: LHB Steve Murdock 0-0: SINGLE (Groundball, 3D, EV 98.1 MPH)
Jamie Starr to second
Runner from 2nd tries for 3rd, SAFE, no throw by RF
Batting: RHB John Ricks 0-0: Ball
1-0: Swinging Strike
1-1: Ball
2-1: Foul Ball, location: 2F
2-2: Fly out, F4 (Popup, 34, EV 77.5 MPH)
Batting: LHB Kyle Mullens 0-0: Fielders Choice at 2nd, 5-4 (Groundball, 56, EV 106.2 MPH)
Top of the 9th over - 0 runs, 2 hits, 0 errors, 2 left on base; Santa Barbara 5 - Austin 6
Friday, March 26th, 2021 - OOTP Baseball 20.8 Build 74